 Dungeon Crawl Stone Soup version 0.28.0-53-g5a82cb258f (webtiles) character file.

Game seed: 17977467822993492195

87296 jjjjhere the Severer (level 15, -9/144 HPs)
             Began as a Minotaur Hunter on Oct 21, 2022.
             Was a High Priest of Trog.
             Mangled by a spriggan rider
             ... wielding a +0 spear
              (18 damage)
             ... on level 1 of the Swamp.
             The game lasted 00:45:38 (35159 turns).

jjjjhere the Severer (Minotaur Hunter)             Turns: 35159, Time: 00:45:39

Health: -9/144     AC: 31    Str: 24    XL:     15   Next: 43%
Magic:  14/14      EV:  9    Int: 11    God:    Trog [*****.]
Gold:   1464       SH:  0    Dex: 11    Spells: 14/14 levels left

rFire   + . .      SeeInvis .   P - +5 battleaxe (protect)
rCold   + . .      Faith    +   (shield currently unavailable)
rNeg    . . .      Spirit   .   L - +0 plate armour
rPois   +          Reflect  .   H - +0 hat {Int+3}
rElec   .          Harm     .   M - scarf {rC+ rF+}
rCorr   .          Rampage  .   A - +0 pair of gloves
Will    +++..                   g - +1 pair of boots {Fly}
Stlth   ..........              r - amulet of faith
HPRegen 1.34/turn               J - +4 ring of protection
MPRegen 0.14/turn               I - ring of poison resistance

@: strong-willed, under a protective aura, attractive, flying, regenerating
A: horns 2, retaliatory headbutt
a: Renounce Religion, Berserk, Trog's Hand, Brothers in Arms


You were on level 1 of the Swamp.
You worshipped Trog.
Trog was extremely pleased with you.
You visited 4 branches of the dungeon, and saw 23 of its levels.
You also visited: Sewer and Ice Cave.

You collected 1464 gold pieces.

Inventory:

Hand Weapons
 a - a +4 dire flail of holy wrath
 b - a +1 vampiric war axe
 P - a +5 battleaxe of protection (weapon)
Missiles
 c - 29 javelins
 p - 9 boomerangs (quivered)
 N - a throwing net
Armour
 f - a +2 cloak
 g - a +1 pair of boots of flying (worn)
 l - a +0 buckler
 A - a +0 pair of gloves (worn)
 H - a +0 hat of intelligence (worn)
 L - a +0 plate armour (worn)
 M - a scarf of resistance (worn)
 Y - a +0 buckler of cold resistance
Jewellery
 j - a +4 ring of protection
 r - an amulet of faith (around neck)
 x - a ring of positive energy
 I - a ring of poison resistance (right hand)
 J - a +4 ring of protection (left hand)
 K - a +6 ring of strength
 Q - a +6 ring of dexterity
 S - a +6 ring of intelligence
 U - a ring of flight
 W - a ring of ice
 X - a ring of protection from cold
 Z - a ring of see invisible
Wands
 h - a wand of polymorph (6)
 s - a wand of iceblast (18)
 w - a wand of acid (4)
 z - a wand of flame (32)
 G - a wand of mindburst (35)
 O - a wand of digging (6)
 R - a wand of paralysis (7)
Scrolls
 d - 5 scrolls of magic mapping
 e - 3 scrolls of enchant armour
 i - 7 scrolls of teleportation
 k - 2 scrolls of fog
 m - 2 scrolls of blinking
 y - a scroll of enchant weapon
 B - a scroll of identify
 T - a scroll of holy word
Potions
 n - a potion of resistance
 o - a potion of magic
 q - 7 potions of might
 t - a potion of berserk rage
 u - 3 potions of brilliance
 v - 2 potions of attraction
 C - 2 potions of mutation {unknown}
 D - 4 potions of curing
 V - 4 potions of heal wounds {unknown}
Miscellaneous
 F - a lightning rod (4/4)


   Skills:
 + Level 16.2 Fighting
 - Level 20.0 Axes
 - Level 11.9 Throwing
 + Level 13.0 Armour
 - Level 4.7 Dodging
 - Level 0.7 Stealth
 - Level 7.0 Evocations


You had 14 spell levels left.
You didn't know any spells.
Your spell library was empty.

Dungeon Overview and Level Annotations

Branches:
Dungeon (14/15)            Temple (0/1) D:6            Lair (6/6) D:9
  Swamp (1/4) Lair:4       Spider (0/4) Lair:4        Slime (0/5) Lair:6
    Orc (2/2) D:12         Vaults (0/5) D:14          Sewer (visited)
  IceCv (visited)
    Elf: Orc:2

Altars:
Hepliaklqana
Trog
Uskayaw

Shops:
D:3 (   D:6 =   D:10 *   Orc:1 :

Annotations:
D:4 1 runed translucent door, BigDaddyOpFi's ghost, weakling OpDe
D:5 1 runed translucent door, Crazy Yiuf
Orc:2 Saint Roka


Innate Abilities, Weirdness & Mutations

You have a pair of horns on your head.
You reflexively headbutt those who attack you in melee.


Message History

You are yanked forward by the harpoon shot.
The spriggan rider hits you but does no damage.
The tyrant leech bites you.
The tyrant leech draws strength from your injuries!
The spriggan rider hits you from afar with a +0 spear.
The swamp worm bites you but does no damage.
Unknown command.
Okay, then.
Really quaff the potion of attraction?
You feel attractive to monsters. The goliath frog barely misses you.
The spriggan rider hits you from afar with a +0 spear!
The swamp worm bites you but does no damage.
The goliath frog closely misses you. The tyrant leech misses you.
You furiously retaliate!
You headbutt the tyrant leech.
The spriggan rider hits you from afar with a +0 spear!
* * * LOW HITPOINT WARNING * * *
The spriggan rider is attracted toward you.
The bunyip is attracted toward you.
You slash the spriggan rider!
Your weapon exudes an aura of protection.
You headbutt the spriggan rider.
The spriggan rider is moderately wounded.
You hit the swamp worm. You slash the bunyip! You hit the tyrant leech.
The bunyip claws you but does no damage.
The bunyip claws you!
* * * LOW HITPOINT WARNING * * *
The bunyip claws you but does no damage.
The swamp worm bites you!
* * * LOW HITPOINT WARNING * * *
The goliath frog hits you from afar.
* * * LOW HITPOINT WARNING * * *
You are splashed with acid!
* * * LOW HITPOINT WARNING * * *
The goliath frog is attracted toward you.
Blink to where?
Press: ? - help, Dir - move target
As you read the scroll of blinking, it crumbles to dust.
The spriggan rider hits you from afar with a +0 spear!!
You die...

.....♣♣♣..≈♣....≈
.......$≈>....≈≈
♣♣♣..≈≈$≈≈.....≈≈
♣.....≈≈......≈≈≈
♣...≈≈w..≈≈≈≈≈≈≈≈
♣.≈≈≈≈i÷≈≈≈≈≈≈≈§≈
♣≈.≈.§x≈)FiF≈≈≈≈≈≈
♣♣.≈≈§≈≈w≈≈...≈≈≈≈
♣≈...♣≈≈≈.@.♣≈≈≈≈≈
♣♣..§...÷..♣♣ .≈§≈
≈§≈.......♣♣ ≈≈
.≈..#####..≈♣ ≈...
#..≈≈≈♣ .. #....≈♣
#..≈.♣§$ #...≈..♣
#....≈♣♣


You could see a bunyip, a tyrant leech (strong), 2 spriggan riders, 2 goliath
frogs and a swamp worm (strong).

Vanquished Creatures
  An ironbound preserver (D:13)
  3 reapers (IceCv)
  A great orb of eyes (D:14)
  3 boulder beetles
  A caustic shrike simulacrum (IceCv)
  3 catoblepae
  12 hydras
  5 centaur warriors (D:14)
  A radroach (shapeshifter) (D:14)
  2 alligators (Lair:4)
  A death knight (D:13)
  3 two-headed ogres
  10 death yaks
  Urug (Lair:6)
  2 orc high priests
  5 skeletal warriors
  A goliath frog (shapeshifter) (D:14)
  2 goliath frogs (Swamp:1)
  A spriggan simulacrum (IceCv)
  A bog body (IceCv)
  2 spriggan druids
  An obsidian statue (IceCv)
  An orc sorcerer (Orc:1)
  2 orc knights
  4 cyclopes
  An ugly thing (D:12)
  A deep elf pyromancer (D:13)
  2 wolf spiders
  A salamander (shapeshifter) (D:13)
  14 elephants
  A centaur zombie (D:11)
  2 torpor snails (Lair:6)
  2 gargoyles
  2 black mambas
  9 cane toads
  12 freezing wraiths
  7 komodo dragons
  2 ice devils (IceCv)
  A tengu conjurer (D:14)
  3 entropy weaver simulacra (IceCv)
  2 efreet (D:14)
  6 polar bears
  10 hornets
  16 blink frogs
  2 trolls
  13 slime creatures
  Prince Ribbit (D:6)
  5 dream sheep (Lair:6)
  A jumping spider (Lair:4)
  2 shadows
  16 spriggans
  A culicivora (Lair:4)
  2 dire elephant simulacra (IceCv)
  16 yaks
  2 wyverns (Lair:6)
  A basilisk (D:14)
  A basilisk (shapeshifter) (D:13)
  2 wraiths
  A redback (Lair:4)
  7 vampire mosquitoes (D:13)
  Edmund (D:5)
  3 wargs
  A swamp worm (Swamp:1)
  6 minotaur simulacra (IceCv)
  17 water moccasins
  2 acid dragons
  A hydra simulacrum (IceCv)
  An ice beast (D:6)
  A sky beast (D:5)
  3 alligator simulacra (IceCv)
  A swamp drake (D:12)
  3 black bears
  2 necrophages
  5 ogres
  12 orc warriors
  2 boggarts (Lair:6)
  24 wolves
  11 centaurs
  A phantom (D:5)
  3 kobold brigands
  2 deep troll simulacra (IceCv)
  16 bullfrogs
  A scorpion (D:5)
  A wyvern skeleton (D:6)
  A water moccasin skeleton (D:5)
  A lindwurm simulacrum (IceCv)
  4 howler monkeys
  A bullfrog zombie (D:6)
  A crimson imp (D:8)
  9 orc priests
  2 hounds
  A jelly (Lair:6)
  7 iguanas
  A bullfrog skeleton (D:5)
  14 orc wizards
  A killer bee zombie (D:6)
  A hound skeleton (D:5)
  3 gnolls (D:4)
  4 river rats (Sewer)
  14 adders
  3 shadow imps
  A white imp (D:8)
  An ufetubus (D:5)
  A worm (D:4)
  4 dart slugs
  42 orcs
  8 ball pythons
  6 endoplasms
  7 giant cockroaches
  5 goblins
  5 hobgoblins
  5 jackals
  22 kobolds
  A quokka (D:3)
  10 bats
  4 frilled lizards
  10 rats
556 creatures vanquished.

Vanquished Creatures (collateral kills)
  A skeletal warrior (D:9)
1 creature vanquished.

Vanquished Creatures (others)
  A bloated husk (Swamp:1)
  A boggart (Lair:6)
  An orc wizard (D:11)
  4 bushes (Lair:5)
  66 fungi
  50 plants
  2 withered plants (D:4)
125 creatures vanquished.

Grand Total: 682 creatures vanquished

Notes
Turn   | Place    | Note
-------+----------+-------------------------------------------
     0 | D:1      | jjjjhere the Minotaur Hunter began the quest for the Orb.
     0 | D:1      | Reached XP level 1. HP: 18/18 MP: 0/0
   279 | D:1      | Reached XP level 2. HP: 25/26 MP: 1/1
   383 | D:1      | Found a faded altar of an unknown god.
   390 | D:1      | Prayed at the altar of an unknown god.
   390 | D:1      | Became a worshipper of Trog the Wrathful
   390 | D:1      | Reached * piety under Trog
   557 | D:1      | Reached skill level 1 in Axes
  1302 | D:2      | Found a hide-covered altar of Uskayaw.
  1339 | D:2      | Reached skill level 2 in Axes
  1339 | D:2      | Reached XP level 3. HP: 30/31 MP: 2/2
  1927 | D:3      | Reached skill level 3 in Axes
  2100 | D:3      | Reached XP level 4. HP: 38/38 MP: 3/3
  2179 | D:3      | Reached skill level 4 in Axes
  2283 | D:3      | Found Xuoh's Weapon Boutique.
  2319 | D:3      | Reached ** piety under Trog
  2584 | D:4      | Noticed an ogre
  2592 | D:4      | Killed an ogre
  2593 | D:4      | Reached skill level 6 in Axes
  2593 | D:4      | Reached XP level 5. HP: 45/45 MP: 4/4
  2702 | D:4      | Noticed a necrophage
  2731 | D:4      | Reached XP level 6. HP: 29/50 MP: 5/5
  2732 | D:4      | Reached skill level 7 in Axes
  2994 | D:4      | Found a runed translucent door.
  2995 | D:4      | Noticed BigDaddyOpFi's ghost (weakling OpDe)
  3045 | D:4      | Found a glowing drain.
  3059 | Sewer    | Entered a sewer
  3090 | Sewer    | Reached skill level 8 in Axes
  3334 | Sewer    | Reached *** piety under Trog
  3460 | Sewer    | Reached XP level 7. HP: 45/57 MP: 6/6
  4345 | D:4      | Reached skill level 9 in Axes
  4530 | D:5      | Entered Level 5 of the Dungeon
  4863 | D:5      | Found Riq Yvob's Distillery.
  4873 | D:5      | Noticed Edmund
  4898 | D:5      | Killed Edmund
  4899 | D:5      | Reached skill level 10 in Axes
  5139 | D:5      | Reached XP level 8. HP: 41/63 MP: 7/7
  5272 | D:5      | Reached skill level 11 in Axes
  6112 | D:5      | Found a runed translucent door.
  6113 | D:5      | Noticed Crazy Yiuf
  6251 | D:6      | Reached skill level 12 in Axes
  6408 | D:6      | Noticed Prince Ribbit
  6425 | D:6      | HP: 20/63 [Prince Ribbit (10)]
  6431 | D:6      | Killed Prince Ribbit
  6681 | D:6      | Found a staircase to the Ecumenical Temple.
  6805 | D:6      | Reached skill level 13 in Axes
  6858 | D:6      | Found Pyfrow's One-of-a-Kind Rings.
  7327 | D:7      | Found a hazy altar of Hepliaklqana.
  7871 | D:7      | Reached XP level 9. HP: 60/70 MP: 8/8
  8374 | D:8      | Reached **** piety under Trog
  8376 | D:8      | Reached skill level 14 in Axes
  8467 | D:8      | Reached skill level 1 in Armour
  9426 | D:9      | Reached skill level 5 in Fighting
  9486 | D:9      | Found a staircase to the Lair.
  9582 | D:9      | Noticed a two-headed ogre
  9595 | D:9      | Reached skill level 5 in Armour
  9596 | D:9      | Killed a two-headed ogre
  9597 | D:9      | Reached XP level 10. HP: 43/86 MP: 9/9
  9599 | D:9      | Noticed a two-headed ogre
  9614 | D:9      | HP: 12/86 [two-headed ogre/+0 giant spiked club (22)]
 10020 | D:9      | Killed a two-headed ogre
 10379 | D:9      | Noticed a skeletal warrior
 10753 | D:9      | Found the +5 scythe "Finisher" {speed, eviscerate}
 11174 | D:9      | Noticed a cyclops
 11179 | D:9      | Killed a cyclops
 11596 | D:10     | Entered Level 10 of the Dungeon
 11618 | D:10     | Noticed a skeletal warrior
 11618 | D:10     | Noticed a skeletal warrior
 11619 | D:10     | Noticed a skeletal warrior
 11619 | D:10     | Noticed a skeletal warrior
 11686 | D:9      | Killed a skeletal warrior
 11687 | D:9      | Reached skill level 10 in Fighting
 11982 | Lair:1   | Entered Level 1 of the Lair of Beasts
 12358 | Lair:1   | Noticed a five-headed hydra
 12381 | Lair:1   | Killed a five-headed hydra
 12382 | Lair:1   | Reached skill level 10 in Armour
 12382 | Lair:1   | Reached XP level 11. HP: 101/101 MP: 10/10
 12397 | Lair:1   | Noticed a six-headed hydra
 12403 | Lair:1   | HP: 30/101 [six-headed hydra (11)]
 12693 | Lair:1   | Killed a six-headed hydra
 13823 | Lair:2   | Noticed a boulder beetle
 13934 | Lair:2   | Killed a boulder beetle
 14917 | Lair:2   | Noticed a boulder beetle
 15052 | Lair:2   | Killed a boulder beetle
 15620 | Lair:2   | Reached XP level 12. HP: 52/115 MP: 11/11
 15891 | Lair:3   | You are sucked into a shaft and drop 2 floors!
 16048 | Lair:5   | Noticed a four-headed hydra
 16060 | Lair:5   | Killed a four-headed hydra
 16180 | Lair:5   | HP: 36/115 [cane toad (5)]
 16185 | Lair:5   | HP: 23/115 [poisoned by a cane toad]
 16190 | Lair:5   | HP: 23/115 [poisoned by a cane toad]
 16537 | Lair:5   | Noticed a catoblepas
 16573 | Lair:5   | Killed a catoblepas
 16791 | Lair:4   | Found a hole to the Spider Nest.
 16864 | Lair:4   | Noticed an eight-headed hydra
 16993 | Lair:3   | Reached skill level 15 in Axes
 16997 | Lair:3   | Reached skill level 5 in Throwing
 17408 | Lair:3   | Noticed an eight-headed hydra
 17420 | Lair:3   | Killed an eight-headed hydra
 17557 | Lair:3   | Noticed a catoblepas
 17582 | Lair:3   | Killed a catoblepas
 18098 | Lair:4   | Reached skill level 1 in Evocations
 18179 | Lair:4   | Noticed a four-headed hydra
 18191 | Lair:4   | Killed a four-headed hydra
 18196 | Lair:4   | Noticed a four-headed hydra
 18208 | Lair:4   | Killed a four-headed hydra
 18209 | Lair:4   | Reached skill level 16 in Axes
 18500 | Lair:4   | Killed an eight-headed hydra
 18610 | Lair:4   | Reached ***** piety under Trog
 18622 | Lair:4   | Reached XP level 13. HP: 123/123 MP: 12/12
 18817 | Lair:4   | Found a staircase to the Swamp.
 19824 | Lair:6   | Entered Level 6 of the Lair of Beasts
 19834 | Lair:5   | Reached skill level 5 in Evocations
 20196 | Lair:5   | HP: 38/125 [death yak (11)]
 20202 | Lair:5   | HP: 37/125 [death yak (14)]
 20562 | Lair:6   | Noticed Urug
 20593 | Lair:6   | Killed Urug
 20667 | Lair:6   | Paralysed by a hornet for 1 turns
 20687 | Lair:6   | HP: 25/125 [spriggan rider/+0 spear (54)]
 20691 | Lair:6   | HP: 12/125 [spriggan rider/+0 spear (13)]
 20701 | Lair:6   | HP: 16/125 [spriggan rider/+0 spear (2)]
 22098 | Lair:6   | Reached skill level 15 in Fighting
 22649 | Lair:6   | Found a staircase to the Slime Pits.
 22684 | Lair:6   | Reached XP level 14. HP: 75/135 MP: 13/13
 22688 | Lair:6   | Received a gift from Trog
 22706 | Lair:6   | Paralysed by a hornet for 1 turns
 22706 | Lair:6   | HP: 43/135 [spriggan rider/+0 spear (12)]
 22710 | Lair:6   | HP: 20/135 [spriggan rider/+0 spear (12)]
 22713 | Lair:6   | Paralysed by a hornet for 3 turns
 24368 | D:10     | Found Muoczun's General Store.
 24901 | D:10     | Reached skill level 10 in Throwing
 26574 | D:12     | Found a staircase to the Orcish Mines.
 26681 | D:12     | You are sucked into a shaft and drop 2 floors!
 26715 | D:14     | Found a frozen archway.
 26823 | IceCv    | Entered an ice cave
 27399 | IceCv    | Reached skill level 17 in Axes
 27793 | IceCv    | Noticed a reaper
 27793 | IceCv    | Noticed a reaper
 27832 | IceCv    | Killed a reaper
 27854 | IceCv    | Killed a reaper
 27873 | IceCv    | Noticed a reaper
 27905 | IceCv    | Killed a reaper
 28763 | Orc:1    | Entered Level 1 of the Orcish Mines
 28766 | Orc:1    | Found Teqonoq's Book Shop.
 28866 | Orc:2    | Entered Level 2 of the Orcish Mines
 29169 | Orc:2    | Noticed Saint Roka
 29361 | Orc:1    | HP: 59/205 [orc warrior/+0 long sword (19)]
 29364 | Orc:1    | HP: 12/205 [orc knight/+0 war axe (22)]
 29365 | Orc:1    | Received a gift from Trog
 30510 | D:13     | Reached skill level 18 in Axes
 30517 | D:13     | Reached XP level 15. HP: 89/144 MP: 14/14
 30532 | D:13     | HP: 37/144 [freezing wraith[a death knight] (11)]
 31363 | D:14     | Paralysed by a great orb of eyes for 7 turns
 31372 | D:14     | HP: 44/144 [great orb of eyes (9)]
 31908 | D:14     | Found a gate to the Vaults.
 31966 | D:14     | Reached skill level 19 in Axes
 33811 | Swamp:1  | Entered Level 1 of the Swamp
 35151 | Swamp:1  | Reached skill level 20 in Axes
 35157 | Swamp:1  | HP: 41/144 [spriggan rider/+0 spear (14)]
 35158 | Swamp:1  | HP: 19/144 [swamp worm[a spriggan druid] (7)]
 35158 | Swamp:1  | HP: 8/144 [acid[a spriggan druid] (7)]
 35159 | Swamp:1  | Mangled by a spriggan rider

Illustrated notes

Levels and vault maps discovered:
D:1:      matt_arrival_los_fun, layout_loops_cross,
          shapermc_ecumenical_altar_mp_highgroup, minivault_27
D:2:      layout_basic, basic_altar
D:3:      layout_basic, serial_shops, nicolae_shop_bloodbath_and_beyond
D:4:      layout_cave_pools, gammafunk_ghost_grave, portal_sewer_entry_c
D:5:      layout_basic, serial_shops, kennysheep_little_box,
          kennysheep_small_spiral, uniq_edmund, uniq_crazy_yiuf_cottage
D:6:      layout_loops_ring, minmay_temple_entry_antechambers,
          nicolae_shop_unique_rings, uniq_prince_ribbit1
D:7:      layout_cave_pods, nicolae_hepliaklqana_hazy_memory,
          serial_column_ruins, column_ruins_hut_pillars, column_ruins_hut,
          column_ruins_grid_1, column_ruins_columns_straight,
          column_ruins_columns_plus, column_ruins_grid_1,
          column_ruins_open_large, column_ruins_grid_3, minmay_crystal_room
D:8:      layout_basic, minmay_fire_ice_demons
D:9:      layout_basic, erik_lair_orcish_takeover, minivault_26,
          minmay_guarded_unrand_finisher
D:10:     layout_long_grid, serial_shops, shop
D:11:     layout_loops_ring
D:12:     layout_long_grid, erik_orc_1
D:13:     layout_gridville
D:14:     layout_small_grid, skrybe_vaults_entry_preservation,
          portal_ice_cave_entry_frozen_things, kennysheep_doodads,
          nicolae_water_bricks, nrook_mini_vaults
Lair:1:   layout_cave_shapes, grunt_megastairs_1
Lair:2:   layout_gridlike, infiniplex_staircase_pool
Lair:3:   layout_regular_city
Lair:4:   layout_long_grid, palyth_hydra_swamp_entry,
          spider_nest_entry_funnel_web, chequers_serial_rivers_small_a,
          minivault_25, infiniplex_staircase_pool_2, grunt_megastairs_4
Lair:5:   layout_misc_corridors, chequers_serial_rivers_room_b,
          grunt_megastairs_2
Lair:6:   minmay_lair_end_enchanted_forest, layout_loops_ring,
          nicolae_slime_entry_slimehenge, lightli_volcano_entry_magma_tube,
          uniq_urug
Swamp:1:  layout_basic_swamp, evilmike_swamp_ruin_house_5
Orc:1:    layout_caves, serial_shops, shop, nicolae_shop_behind_doors, shop,
          guppyfry_orc_lava_fort, uniq_erica
Orc:2:    grunt_orc_cross, layout_diamond_mine

Skill      XL: |  1  2  3  4  5  6  7  8  9 10 11 12 13 14 15 |
---------------+----------------------------------------------+-----
Fighting       | 3 7 10 13 15 16 | 16.2
Axes           | 2 3 6 8 10 13 14 16 18 20 | 20.0
Armour         | 6 10 13 | 13.0
Dodging        | 4 |  4.7
Throwing       | 6 9 11 | 11.9
Evocations     | 3 7 |  7.0
Stealth        | |  0.7

Action                   |  1- 3 |  4- 6 |  7- 9 | 10-12 | 13-15 || total
-------------------------+-------+-------+-------+-------+-------++-------
Melee: Short sword       |    21 |       |       |       |       ||    21
       Headbutt          |    13 |    15 |    60 |   120 |   254 ||   462
       Hand axe          |    68 |   125 |   120 |    34 |       ||   347
       Punch             |       |     2 |     1 |     4 |    11 ||    18
       Whip              |       |       |    89 |     4 |       ||    93
       Dire flail        |       |       |    79 |   238 |    18 ||   335
       Scythe            |       |       |       |    17 |       ||    17
       War axe           |       |       |       |   231 |   473 ||   704
       Battleaxe         |       |       |       |       |   479 ||   479
Throw: Javelin           |       |     3 |     1 |     3 |    21 ||    28
       Throwing net      |       |       |       |     2 |       ||     2
       Boomerang         |       |       |       |    29 |   149 ||   178
Invok: Berserk           |       |     2 |     4 |     4 |     6 ||    16
       Trog's Hand       |       |       |     1 |     3 |     8 ||    12
       Brothers in Arms  |       |       |       |     1 |       ||     1
Evoke: Wand              |       |       |     3 |     2 |       ||     5
       Lightning rod     |       |       |       |       |     5 ||     5
  Use: Scroll            |       |       |     8 |    10 |    14 ||    32
       Potion            |       |       |       |       |     2 ||     2
 Stab: Petrified         |       |       |       |       |     1 ||     1
       Distracted        |       |       |       |       |     1 ||     1
Armor: Leather armour    |    11 |       |       |       |       ||    11
       Chain mail        |    54 |    84 |   132 |    15 |       ||   285
       Plate armour      |       |       |       |   376 |   899 ||  1275
Dodge: Dodged            |    38 |    45 |   104 |   202 |   406 ||   795
